 Dungeon Crawl Stone Soup version 0.24.1-14-gf8d2b509d9 (webtiles) character file.

Game seed: 13813557023527436170, levelgen mode: deterministic

25 Chiseanne the Sneak (level 3, 0/31 HPs)
             Began as a Gnoll Wanderer on May 25, 2020.
             Slain by a kobold
             ... wielding a +0 short sword
              (6 damage)
             ... on level 2 of the Dungeon.
             The game lasted 00:00:42 (136 turns).

Chiseanne the Sneak (Gnoll Wanderer)                 Turns: 136, Time: 00:00:42

Health: 0/31       AC:  2    Str: 15    XL:     3   Next: 4%
Magic:  4/4        EV: 11    Int: 12    God:
Gold:   18         SH:  0    Dex: 16    Spells: 3/3 levels left

rFire    . . .     SeeInvis .   a - +2 dagger
rCold    . . .     Gourm    .   (no shield)
rNeg     . . .     Faith    .   e - +0 robe
rPois    .         Spirit   .   (no helmet)
rElec    .         Reflect  .   (no cloak)
rCorr    .         Harm     .   (no gloves)
MR       .....                  (no boots)
Stlth    +++.......             (no amulet)
HPRegen  0.10/turn              (no ring)
MPRegen  0.09/turn              (no ring)

@: no status effects
A: distributed training, fangs 1, strong nose
a: no special abilities


You were on level 2 of the Dungeon.
You were not hungry.

You visited 1 branch of the dungeon, and saw 2 of its levels.

You collected 18 gold pieces.

Inventory:

Hand Weapons
 a - a +2 dagger (weapon)
 c - a +0 falchion
Missiles
 k - 32 stones (quivered)
Armour
 e - a +0 robe (worn)
Jewellery
 j - an uncursed ring of wizardry {unknown}
Potions
 b - a potion of berserk rage
 d - a potion of curing
 g - a potion of resistance {unknown}
 i - a potion of haste {unknown}
Comestibles
 f - 2 rations
 h - 2 chunks of flesh


   Skills:
 + Level 4.5 Fighting
 + Level 0.5 Short Blades
 + Level 2.5 Long Blades
 + Level 0.5 Axes
 + Level 0.5 Maces & Flails
 + Level 0.5 Polearms
 + Level 0.5 Staves
 + Level 0.5 Slings
 + Level 0.5 Bows
 + Level 0.5 Crossbows
 + Level 0.5 Throwing
 + Level 0.5 Armour
 + Level 0.5 Dodging
 + Level 5.9 Stealth
 + Level 0.5 Shields
 + Level 0.5 Unarmed Combat
 + Level 0.5 Spellcasting
 + Level 2.0 Conjurations
 + Level 0.4 Hexes
 + Level 0.4 Charms
 + Level 0.4 Summonings
 + Level 3.7 Necromancy
 + Level 0.4 Translocations
 + Level 0.4 Transmutations
 + Level 0.4 Fire Magic
 + Level 0.4 Ice Magic
 + Level 0.4 Air Magic
 + Level 0.4 Earth Magic
 + Level 0.4 Poison Magic
 + Level 0.7 Invocations
 + Level 2.5 Evocations


You had 3 spell levels left.
You didn't know any spells.
Your spell library was empty.

Dungeon Overview and Level Annotations

Branches:
Dungeon (2/15)

Altars:
Trog


Innate Abilities, Weirdness & Mutations

Your experience applies equally to all skills.
You have very sharp teeth.
Your uncanny sense of smell can sniff out nearby items.


Message History

You kill the gnoll!
You have reached level 3!
Your experience leads to an increase in your attributes!
Increase (S)trength, (I)ntelligence, or (D)exterity?
You feel agile.
A goblin and 3 gnolls come into view.
The gnoll shouts!
You hear an angry hiss.
The goblin shouts!
The rat bites you.
You hear a shout!
The gnoll shouts!
You hit the rat.
You kill the rat!
The gnoll misses you. The gnoll misses you. The gnoll hits you with a +0 spear!
A kobold comes into view. It is wielding a +0 short sword.
The gnoll hits you with a +0 spear.
The gnoll hits you from afar with a +0 spear.
The gnoll hits you from afar with a +0 spear!
* * * LOW HITPOINT WARNING * * *
The kobold hits you with a +0 short sword.
You die...

.# ∆ ..
###.# #.
#...# #.
#...# #.#
#...# #).
#._.#
#g##...#
#.ggK#
######..#@#
...[...g#÷#
#######.#.#
#.#<# #?###
#$. #.# #..
##.


You could see 3 gnolls and a kobold.

Vanquished Creatures
  A gnoll (D:2)
  An adder (D:2)
  2 goblins (D:1)
  A hobgoblin (D:1)
  2 rats
7 creatures vanquished.

Notes
Turn   | Place    | Note
-------+----------+-------------------------------------------
     0 | D:1      | Chiseanne the Gnoll Wanderer began the quest for the Orb.
     0 | D:1      | Chiseanne set off with the following items: a +2 dagger, a
                  | potion of berserk rage, a +0 falchion, a potion of curing,
                  | a +0 robe, a ration
     0 | D:1      | Reached XP level 1. HP: 20/20 MP: 2/2
   121 | D:2      | Found a bloodstained altar of Trog.
   123 | D:2      | Reached XP level 2. HP: 26/26 MP: 3/3
   130 | D:2      | Reached XP level 3. HP: 31/31 MP: 4/4
   136 | D:2      | Slain by a kobold

Levels and vault maps discovered:
D:1:      scummos_arrival_star, layout_basic, hex_large
D:2:      layout_basic, bloody_trog, gammafunk_temple_overflow_statue,
          nicolae_overflow_hidden_temple, first_ration, st_stairs_3

Skill      XL: |  1 |
---------------+----+-----
Conjurations   | 2 |  2.0
Fighting       | |  4.5
Short Blades   | |  0.5
Long Blades    | |  2.5
Axes           | |  0.5
Maces & Flails | |  0.5
Polearms       | |  0.5
Staves         | |  0.5
Slings         | |  0.5
Bows           | |  0.5
Crossbows      | |  0.5
Throwing       | |  0.5
Armour         | |  0.5
Dodging        | |  0.5
Stealth        | |  5.9
Shields        | |  0.5
Unarmed Combat | |  0.5
Spellcasting   | |  0.5
Hexes          | |  0.4
Charms         | |  0.4
Summonings     | |  0.4
Necromancy     | |  3.7
Translocations | |  0.4
Transmutations | |  0.4
Fire Magic     | |  0.4
Ice Magic      | |  0.4
Air Magic      | |  0.4
Earth Magic    | |  0.4
Poison Magic   | |  0.4
Invocations    | |  0.7
Evocations     | |  2.5

Action                   || total
-------------------------++-------
Melee: Dagger            ||    11
  Use: Scroll            ||     1
 Stab: Sleeping          ||     4
Armor: Robe              ||     1
Dodge: Dodged            ||     4
